 Dungeon Crawl Stone Soup version 0.30.1-9-gdf580d7c3d (webtiles) character file.

Game seed: 2911718054033270430

9534 ringo67 the Frost Mage (level 11, -3/86 HPs)
             Began as a Vampire Ice Elementalist on Oct 7, 2023.
             Was a Priest of Sif Muna.
             Slain by a death yak simulacrum (31 damage)
             ... in an ice cave.
             The game lasted 00:42:58 (12521 turns).

ringo67 the Frost Mage (Vampire Ice Elementalist)  Turns: 12521, Time: 00:42:59

Health: -3/86      AC: 11    Str:  7    XL:     11   Next: 24%
Magic:  3/21       EV: 15    Int: 23    God:    Sif Muna [***...]
Gold:   591        SH:  5    Dex: 14    Spells: 3/24 levels left

rFire   + . .        l - +2 dagger (venom)
rCold   . . .        (no shield)
rNeg    . . .        c - +0 steam dragon scales
rPois   .            C - +2 helmet
rElec   .            k - +0 cloak
rCorr   .            H - +0 pair of gloves
SInv    +            (no boots)
Will    +....        d - amulet of reflection
Stlth   ++           i - ring of protection from fire
HPRegen 0.54/turn    P - ring of wizardry
MPRegen 0.17/turn

%: reflection, wizardry (x1)
@: healing quickly
A: alive, fangs 3, see invisible, vampiric 2
a: Exsanguinate, Renounce Religion, Channel Magic, Forget Spell


You were in an ice cave.
You worshipped Sif Muna.
Sif Muna was most pleased with you.
You visited 4 branches of the dungeon, and saw 13 of its levels.
You also visited: Ice Cave.

You collected 591 gold pieces.

Inventory:

Hand Weapons
 l - a +2 dagger of venom (weapon)
 G - a +0 spear
 K - a +3 trident
Missiles
 o - 28 poisoned darts
 F - a throwing net
Armour
 c - +0 steam dragon scales (worn)
 k - a +0 cloak (worn)
 C - a +2 helmet (worn)
 E - a +2 robe of fire resistance
 H - a +0 pair of gloves (worn)
Jewellery
 d - an amulet of reflection (around neck)
 i - a ring of protection from fire (left hand)
 j - the ring of Xom's Capriciousness {rC- Will+ rCorr Int+3 Dex+2}
   (You found it on level 9 of the Dungeon)

   [ring of resist corrosion]

   Int:       It affects your intelligence (+3).
   Dex:       It affects your dexterity (+2).
   rC:        It makes you vulnerable to cold.
   rCorr:     It protects you from acid and corrosion.
   Will:      It increases your willpower.
 L - an amulet of the acrobat
 P - a ring of wizardry (right hand)
Wands
 r - a wand of polymorph (13)
 y - a wand of acid (5)
 I - a wand of roots (26)
Scrolls
 a - a scroll of vulnerability {unknown}
 e - 2 scrolls of enchant armour {unknown}
 h - a scroll of enchant weapon {unknown}
 n - 13 scrolls of teleportation
 p - a scroll of poison {unknown}
 t - a scroll of blinking {unknown}
 v - a scroll of brand weapon {unknown}
 w - 2 scrolls of silence {unknown}
 B - a scroll of immolation {unknown}
 J - a scroll of fear
 N - a scroll of noise {unknown}
 Q - a scroll of identify
Potions
 b - 3 potions of magic
 f - 3 potions of cancellation
 g - 8 potions of lignification
 q - 3 potions of berserk rage {unknown}
 s - 2 potions of heal wounds
 u - a potion of attraction {unknown}
 x - 4 potions of flight {unknown}
 z - a potion of invisibility {unknown}
 A - a potion of mutation {unknown}
 D - 3 potions of haste
 M - a potion of curing
 O - 2 potions of brilliance {unknown}


   Skills:
 + Level 8.2 Fighting
 - Level 3.0 Armour
 + Level 6.5 Dodging
 - Level 3.0 Stealth
 - Level 7.0 Spellcasting
 + Level 0.1 Conjurations
 - Level 5.0 Summonings
 + Level 11.1 Ice Magic


You had 3 spell levels left.
You knew the following spells:

 Your Spells              Type           Power      Damage    Failure   Level
a - Freeze                Ice            100%       1d10      1%          1
b - Frozen Ramparts       Ice            100%       1d16      1%          3
c - Summon Ice Beast      Ice/Summ       45%        N/A       1%          4
d - Ozocubu's Refrigerat  Ice            28%        4d13      26%         7
e - Ozocubu's Armour      Ice            56%        N/A       1%          3
f - Stone Arrow           Conj/Erth      16%        3d8       9%          3

Your spell library contained the following spells:

 Spells                   Type           Power      Damage    Failure   Level
 Beastly Appendage        Tmut           16%        N/A       3%          1
 Sandblast                Erth           16%        2d6       3%          1
 Passwall                 Tmut/Erth      6%         N/A       4%          2
 Wereblood                Tmut           8%         N/A       4%          2
 Inner Flame              Hex/Fire       8%         N/A       9%          3
 Spider Form              Tmut/Pois      8%         N/A       9%          3
 Olgreb's Toxic Radiance  Pois           8%         N/A       28%         4
 Yara's Violent Unravell  Hex/Tmut       4%         3d4       61%         5
 Enfeeble                 Hex            4%         N/A       100%        7
 Discord                  Hex            4%         N/A       100%        8
 Ignition                 Fire           4%         3d4       100%        8


Dungeon Overview and Level Annotations

Branches:
Dungeon (10/15)            Temple (1/1) D:5            Lair (1/5) D:9
    Orc (1/2) D:10          IceCv (1/1)

Altars:
Ashenzari
Cheibriados
Dithmenos
Fedhas
Gozag
Hepliaklqana
Kikubaaqudgha
Makhleb
Nemelex Xobeh
Okawaru
Qazlal
Ru
Sif Muna
Trog
Uskayaw
Vehumet
Wu Jian
Xom
Yredelemnul

Shops:
D:6 (

Annotations:
D:5 3 runed translucent doors, laqueoix's ghost, novice OpCj


Innate Abilities, Weirdness & Mutations

Your natural rate of healing is accelerated.
You have razor-sharp teeth.
You have supernaturally acute eyesight. (SInv)
You are afflicted with vampirism and can become a bat while bloodless.


Message History

Casting: Stone Arrow (dangerous; 9% risk of failure)
Confirm with . or Enter, or press ? or * to list all spells.
Aiming: Stone Arrow (dangerous; 9% risk of failure)
Press: ? - help, Shift-Dir - straight line, f/p - death yak simulacrum
Aim: a death yak simulacrum (freezing vapour, moderately damaged, ally target, 100% to hit)
The stone arrow hits the death yak simulacrum!
The death yak simulacrum is severely damaged.
The death yak simulacrum gores you! The death yak simulacrum freezes you!!
Your ice beast completely misses the death yak simulacrum.
Casting: Stone Arrow (dangerous; 9% risk of failure)
Confirm with . or Enter, or press ? or * to list all spells.
You don't have enough magic to cast this spell.
Unknown command.
You hit the death yak simulacrum but do no damage.
The death yak simulacrum is severely damaged.
Your ice beast hits the death yak simulacrum.
Your ice beast freezes the death yak simulacrum.
The death yak simulacrum completely resists.
Unknown command.
You hit the death yak simulacrum but do no damage.
You bite the death yak simulacrum.
The death yak simulacrum is severely damaged.
The death yak simulacrum barely misses you.
You block the elephant simulacrum's attack. x2
Your ice beast hits the death yak simulacrum.
Your ice beast freezes the death yak simulacrum.
The death yak simulacrum completely resists.
You hit the death yak simulacrum but do no damage.
You bite the death yak simulacrum, but do no damage.
The death yak simulacrum is almost destroyed.
You block the death yak simulacrum's attack.
The elephant simulacrum completely misses you.
The elephant simulacrum trunk-slaps you but does no damage.
Your ice beast hits the death yak simulacrum.
Your ice beast freezes the death yak simulacrum.
The death yak simulacrum completely resists.
You completely miss the death yak simulacrum.
The death yak simulacrum is almost destroyed.
The death yak simulacrum gores you! The death yak simulacrum freezes you!!
You die...

#######
##.....# .
##......#
....#.ZY....#
......Z@..∩.#
....#.......#
. ##......#
##.....#
#######


You could see a death yak simulacrum (ally target), an elephant simulacrum and a
friendly ice beast (summoned).

Vanquished Creatures
  2 two-headed ogres
  A fire crab (D:9)
  An orc knight (D:10)
  A komodo dragon (D:9)
  2 meliai (D:9)
  A troll (D:10)
  Prince Ribbit (D:6)
  Sigmund (D:5)
  A shadow (D:10)
  2 wyverns
  2 yaks (D:9)
  A wraith (D:9)
  Edmund (D:5)
  A harpy simulacrum (IceCv)
  A water moccasin (D:5)
  4 orc warriors (D:10)
  A sky beast (D:4)
  An ice beast (D:6)
  2 black bears
  A centaur (D:10)
  A phantom (D:6)
  2 bullfrogs
  A gnoll sergeant (D:6)
  4 scorpions
  4 wights
  Dowan (D:5)
  A howler monkey (D:7)
  2 hounds
  3 orc priests
  2 jellies
  2 gnoll boudas
  3 iguanas
  4 orc wizards
  A wolf simulacrum (IceCv)
  8 gnolls
  2 adders
  8 white imps
  2 dart slugs
  31 orcs
  9 ball pythons
  5 bats
  4 endoplasms
  4 giant cockroaches
  8 goblins
  7 hobgoblins
  4 jackals (D:2)
  A quokka (D:1)
  5 frilled lizards
  9 kobolds
  8 rats
174 creatures vanquished.

Vanquished Creatures (collateral kills)
  A komodo dragon (Lair:1)
  A meliai (D:9)
  A yak (D:9)
  A steam dragon (D:7)
  Grum (D:8)
  2 water moccasins
  Duvessa (D:5)
  3 orc warriors (D:10)
  A sky beast (D:7)
  2 wolves (D:8)
  2 centaurs
  2 kobold brigands (D:8)
  A bullfrog (D:6)
  A scorpion (D:5)
  4 wights
  4 hounds
  2 jellies (D:6)
  A sleepcap (D:7)
  2 orc wizards (D:9)
  4 gnolls
  An adder (D:6)
  6 white imps
  2 orcs (D:9)
  2 kobolds (D:8)
48 creatures vanquished.

Grand Total: 222 creatures vanquished

Notes
Turn   | Place    | Note
-------+----------+-------------------------------------------
     0 | D:1      | ringo67 the Vampire Ice Elementalist began the quest for
                  | the Orb.
     0 | D:1      | Reached XP level 1. HP: 13/13 MP: 3/3
   330 | D:1      | Reached XP level 2. HP: 20/20 MP: 1/5
  1170 | D:1      | Reached skill level 1 in Fighting
  1468 | D:2      | Gained mutation: You are afflicted with vampirism and can
                  | become a bat while bloodless. [Vampire growth]
  1468 | D:2      | Reached XP level 3. HP: 26/26 MP: 2/6
  1634 | D:2      | Learned a level 3 spell: Frozen Ramparts
  2649 | D:3      | Found a hide-covered altar of Uskayaw.
  2698 | D:3      | Found a faded altar of an unknown god.
  2760 | D:3      | Reached XP level 4. HP: 28/28 MP: 2/7
  3238 | D:3      | Found a sparkling altar of Nemelex Xobeh.
  3489 | D:4      | Found a blossoming altar of Fedhas.
  3513 | D:4      | Noticed a scorpion
  3523 | D:4      | Killed a scorpion
  3524 | D:4      | Reached XP level 5. HP: 34/34 MP: 2/9
  3529 | D:4      | Learned a level 4 spell: Summon Ice Beast
  3602 | D:4      | Reached skill level 1 in Summonings
  3667 | D:4      | Reached skill level 5 in Ice Magic
  3761 | D:4      | Found an iron altar of Okawaru.
  3764 | D:4      | Noticed a sky beast
  3778 | D:4      | Killed a sky beast
  3779 | D:4      | Reached XP level 6. HP: 44/44 MP: 2/11
  4060 | D:5      | Entered Level 5 of the Dungeon
  4060 | D:5      | Noticed a water moccasin
  4095 | D:5      | Noticed a water moccasin
  4105 | D:5      | Killed a water moccasin
  4222 | D:5      | Noticed Sigmund
  4232 | D:5      | Killed Sigmund
  4233 | D:5      | Reached XP level 7. HP: 50/50 MP: 5/13
  4397 | D:5      | Reached skill level 6 in Ice Magic
  4456 | D:5      | Noticed Duvessa
  4459 | D:5      | Noticed Edmund
  4461 | D:5      | Noticed Dowan
  4463 | D:5      | Killed Duvessa
  4470 | D:5      | Killed Edmund
  4475 | D:5      | Killed Dowan
  4476 | D:5      | Reached skill level 5 in Spellcasting
  4476 | D:5      | Reached XP level 8. HP: 56/56 MP: 1/15
  4648 | D:5      | Learned a level 7 spell: Ozocubu's Refrigeration
  4700 | D:5      | Found a runed translucent gate.
  4700 | D:5      | Found a runed translucent gate.
  4700 | D:5      | Found a runed translucent gate.
  4704 | D:5      | Noticed laqueoix's ghost (novice OpCj)
  4864 | D:5      | Reached skill level 7 in Ice Magic
  5118 | D:5      | Found a staircase to the Ecumenical Temple.
  5125 | Temple   | Entered the Ecumenical Temple
  5213 | Temple   | Became a worshipper of Sif Muna the Loreminder
  5392 | D:6      | Reached skill level 5 in Summonings
  5790 | D:6      | Reached skill level 5 in Dodging
  5996 | D:6      | Reached XP level 9. HP: 63/65 MP: 13/16
  6054 | D:6      | Found Ynaek's Weapon Shoppe.
  6089 | D:6      | Noticed Prince Ribbit
  6095 | D:6      | Killed Prince Ribbit
  6220 | D:6      | Found a snail-covered altar of Cheibriados.
  6375 | D:7      | Reached skill level 8 in Ice Magic
  6532 | D:7      | Reached * piety under Sif Muna
  6896 | D:7      | Learned a level 3 spell: Ozocubu's Armour
  7411 | D:8      | Reached skill level 5 in Fighting
  7411 | D:8      | Reached skill level 1 in Armour
  7535 | D:8      | Noticed a two-headed ogre
  7740 | D:8      | Reached ** piety under Sif Muna
  7900 | D:8      | Noticed Grum
  7914 | D:8      | Killed Grum
  8775 | D:8      | Killed a two-headed ogre
  8776 | D:8      | Reached skill level 9 in Ice Magic
  8776 | D:8      | Reached XP level 10. HP: 71/76 MP: 6/19
  8902 | D:9      | Found a staircase to the Lair.
  8906 | D:9      | Noticed a fire crab
  8928 | D:9      | Killed a fire crab
  9663 | D:9      | Reached skill level 10 in Ice Magic
  9711 | D:9      | Identified the ring of Xom's Capriciousness {rC- Will+
                  | rCorr Int+3 Dex+2}
 10123 | D:10     | Entered Level 10 of the Dungeon
 10227 | D:10     | Identified the +0 robe "Cixiuma" {Archmagi}
 10306 | D:10     | Noticed an orc knight
 10763 | D:10     | Noticed a two-headed ogre
 10773 | D:10     | Killed a two-headed ogre
 10774 | D:10     | Reached XP level 11. HP: 78/85 MP: 14/21
 11029 | D:10     | Found a staircase to the Orcish Mines.
 11889 | D:10     | Killed an orc knight
 12001 | Orc:1    | Entered Level 1 of the Orcish Mines
 12001 | Orc:1    | Noticed an orc high priest
 12058 | Lair:1   | Entered Level 1 of the Lair of Beasts
 12058 | Lair:1   | Found a frozen archway.
 12064 | Lair:1   | Reached skill level 11 in Ice Magic
 12423 | Lair:1   | Reached *** piety under Sif Muna
 12429 | Lair:1   | Learned a level 4 spell: Olgreb's Toxic Radiance
 12438 | Lair:1   | Learned a level 3 spell: Stone Arrow
 12507 | IceCv    | Entered an ice cave
 12521 | IceCv    | Slain by a death yak simulacrum

Illustrated notes

Levels and vault maps discovered:
D:1:      mainiacjoe_arrival_reflecting_pool, layout_loops_corners,
          minivault_25, chequers_serial_rivers_room_a
D:2:      layout_basic, corexii_leaking_fountain, minmay_hexomino_c4
D:3:      layout_basic, nicolae_overflow_ecumenical_swirl,
          eat_drink_and_be_merry_uskayaw, minmay_misc_feat_iff,
          nicolae_underground_beach
D:4:      layout_rooms, mainiacjoe_overflow_small_starburst,
          mainiacjoe_overflow_catch_the_wave, serial_bayou_pond_e,
          kennysheep_generic_room_10
D:5:      layout_loops_ring, tso_altar, minmay_temple_entry_enclosed_plants,
          gammafunk_ghost_split, minmay_misc_feat_tiny, minmay_crossroads,
          uniq_duvessa, uniq_sigmund, uniq_edmund
D:6:      layout_rooms, mainiacjoe_overflow_divided_tiny, serial_shops,
          nicolae_shop_hallway_plus, uniq_prince_ribbit1
D:7:      layout_gridville
D:8:      layout_basic, uniq_grum
D:9:      layout_gridville, minmay_lair_entry_lava
D:10:     layout_loops_corners, david_orc_5
Temple:   nicolae_temple_two_arcs
Lair:1:   layout_chaotic_city, portal_ice_cave_entry_imps,
          pdpol_lair_cabin_in_the_woods, lemuel_fruit_tree
Orc:1:    layout_diamond_mine, basic_altar, serial_shops, nicolae_shop_drivethru
IceCv:    ice_cave_statue_garden_chambered

Skill      XL: |  1  2  3  4  5  6  7  8  9 10 11 |
---------------+----------------------------------+-----
Fighting       | 1 2 3 5 7 8 |  8.2
Dodging        | 3 5 6 |  6.5
Spellcasting   | 3 4 5 6 7 |  7.0
Summonings     | 1 3 4 5 |  5.0
Ice Magic      | 5 6 7 9 10 11 | 11.1
Armour         | 2 3 |  3.0
Stealth        | |  3.0
Conjurations   | |  0.1

Action                     |  1- 3 |  4- 6 |  7- 9 | 10-12 || total
---------------------------+-------+-------+-------+-------++-------
  Melee: Unarmed           |    10 |       |       |       ||    10
         Bite              |     8 |     4 |    18 |    24 ||    54
         Dagger            |    47 |    27 |    47 |   109 ||   230
         Punch             |       |       |     3 |     1 ||     4
         Spear             |       |       |   106 |       ||   106
   Cast: Freeze            |    51 |    12 |    13 |     9 ||    85
         Frozen Ramparts   |     2 |     8 |    45 |    29 ||    84
         Summon Ice Beast  |       |     2 |    31 |    27 ||    60
         Ozocubu's Armour  |       |       |     2 |     2 ||     4
         Stone Arrow       |       |       |       |     4 ||     4
Ability: Exsanguinate      |     1 |       |       |       ||     1
         Revivify          |     1 |       |       |       ||     1
    Use: Scroll            |       |       |     8 |     3 ||    11
         Potion            |       |       |       |     2 ||     2
   Stab: Sleeping          |     2 |       |     1 |     1 ||     4
         Distracted        |       |       |       |     1 ||     1
 Armour: Robe              |     9 |     4 |    21 |       ||    34
         Steam dragon scal |       |       |     8 |    36 ||    44
  Dodge: Dodged            |    49 |    13 |    84 |    67 ||   213
  Block: Other             |    16 |     3 |    17 |    35 ||    71
         Reflection        |       |       |       |     3 ||     3
